 Dungeon Crawl Stone Soup version 0.31.0-12-g77e489cdc1 (webtiles) character file.

Game seed: 9972975440872016660

2267 Baz the Carver (level 9, 0/118 HPs)
             Began as a Minotaur Berserker on Feb 26, 2024.
             Was a Priest of Trog.
             Succumbed to a hornet's poison
             ... on level 7 of the Dungeon.
             The game lasted 00:06:59 (4575 turns).

Baz the Carver (Minotaur Berserker)                 Turns: 4575, Time: 00:07:00

Health: 0/118      AC: 28    Str: 25    XL:     9   Next: 16%
Magic:  8/8        EV: 11    Int:  4    God:    Trog [***...]
Gold:   262        SH:  0    Dex: 11    Spells: 8/8 levels left

rFire   . . .        a - +0 falchion
rCold   . . .        (no shield)
rNeg    . . .        r - +18 Lear's hauberk
rPois   .            (helmet currently unavailable)
rElec   .            (no cloak)
rCorr   .            (gloves currently unavailable)
SInv    .            (boots currently unavailable)
Will    .....        (no amulet) Stlth
                     (no ring)
HPRegen 0.39/turn    (no ring)
MPRegen 0.11/turn

%: no passive effects
@: berserking, lethally poisoned (0 -> -5), slowed
A: horns 2, retaliatory headbutt
a: Renounce Religion, Berserk, Trog's Hand


You were on level 7 of the Dungeon.
You worshipped Trog.
Trog was most pleased with you.
You visited 1 branch of the dungeon, and saw 7 of its levels.

You collected 325 gold pieces.
You spent 63 gold pieces at shops.

Inventory:

Hand Weapons
 a - a +0 falchion (weapon)
Armour
 b - a +0 animal skin
 d - a +0 chain mail
 r - the +18 Lear's hauberk (worn)
   (You found it on level 5 of the Dungeon)
Scrolls
 i - 2 scrolls of enchant armour
 j - 2 scrolls of teleportation {unknown}
 k - a scroll of torment {unknown}
 m - a scroll of noise {unknown}
 n - a scroll of silence {unknown}
 p - a scroll of immolation {unknown}
 q - a scroll of vulnerability {unknown}
Potions
 f - 2 potions of might
 h - 3 potions of curing
 l - a potion of attraction
 o - 2 potions of cancellation


   Skills:
 + Level 7.5 Fighting
 * Level 9.9 Long Blades
 + Level 6.9 Armour
 + Level 6.3 Dodging


You had 8 spell levels left.
You didn't know any spells.
Your spell library was empty.

Dungeon Overview and Level Annotations

Branches:
Dungeon (7/15)             Temple (0/1) D:4

Altars:
Ashenzari
Cheibriados
Dithmenos
Elyvilon
Gozag
Hepliaklqana
Okawaru
Ru
Wu Jian
Xom
Zin
The Shining One

Shops:
D:5 *


Innate Abilities, Weirdness & Mutations

You have a pair of horns on your head.
You reflexively headbutt those who attack you in melee.


Message History

You slash the hornet! Your headbutt misses the hornet.
The hornet is severely wounded.
The hornet stings you but does no damage.
You miss the hornet. Your headbutt misses the hornet.
The hornet is severely wounded.
You feel the effects of Trog's Hand fading.
The hornet closely misses you.
You closely miss the hornet. You headbutt the hornet.
The hornet is severely wounded.
The hornet completely misses you.
You miss the hornet. Your headbutt misses the hornet.
The hornet is severely wounded.
The hornet stings you.
* * * LOW HITPOINT WARNING * * *
You feel yourself slow down. The water moccasin barely misses you.
You furiously retaliate!
You headbutt the water moccasin!
Unknown command.
You closely miss the hornet.
The hornet is severely wounded.
The hornet stings you.
* * * LOW HITPOINT WARNING * * *
You are poisoned.
You feel as though you will be slow longer.
The water moccasin misses you. The hornet closely misses you.
You furiously retaliate!
You headbutt the hornet!
You kill the hornet!
Trog accepts your kill. The water moccasin closely misses you.
A red film seems to cover your vision as you go berserk!
You feel yourself moving faster!
You feel mighty!
You feel very sick.
The water moccasin bites you but does no damage. x2
You slash the water moccasin!
The water moccasin is severely wounded.
You feel sick. The water moccasin bites you.
* * * LOW HITPOINT WARNING * * *
You closely miss the water moccasin.
The water moccasin is severely wounded.
Your skin stops crawling.
You feel less strong-willed.
You die...

..........###.#..##...
........#..####........
...##...#...#.##...#
...##...##.†...####..
........##....## ..
..............####
:................#
............###[....#
#.........@.# .........
..........S†....####...
#............$### ..
#..............# .
......###...≈≈≈≈≈ .....
#..≈≈J.~≈≈ ...
#.#≈..§°~≈ .. ..§§○.≈


You could see a water moccasin and a jelly.

Vanquished Creatures
  A hornet (D:7)
  A steam dragon (D:7)
  An acid dragon (D:7)
  A water moccasin (D:5)
  A sky beast (D:7)
  3 ice beasts
  3 ogres
  A phantom (D:7)
  A kobold brigand (D:7)
  3 bullfrogs (D:7)
  3 scorpions
  An electric eel (D:7)
  A howler monkey (D:6)
  4 jellies
  2 hounds
  2 iguanas (D:7)
  2 orc wizards (D:6)
  A sleepcap (D:7)
  9 adders
  4 white imps
  An ufetubus (D:7)
  A ribbon worm (D:3)
  6 dart slugs
  10 orcs
  4 bats
  9 endoplasms
  5 giant cockroaches
  8 goblins
  4 hobgoblins
  7 kobolds
  4 quokkas
  9 ball pythons
  7 frilled lizards
  4 rats
124 creatures vanquished.

Vanquished Creatures (others)
  A gnoll sergeant (D:7)
1 creature vanquished.

Grand Total: 125 creatures vanquished

Notes
Turn   | Place    | Note
-------+----------+-------------------------------------------
     0 | D:1      | Baz the Minotaur Berserker began the quest for the Orb.
     0 | D:1      | Reached XP level 1. HP: 19/19 MP: 0/0
   132 | D:1      | Reached XP level 2. HP: 27/27 MP: 1/1
   157 | D:1      | Reached skill level 4 in Long Blades
   283 | D:1      | Found a faded altar of an unknown god.
   318 | D:1      | Reached ** piety under Trog
   443 | D:1      | Reached XP level 3. HP: 33/33 MP: 2/2
   800 | D:2      | Found a shimmering altar of Xom.
  1044 | D:2      | Reached XP level 4. HP: 40/40 MP: 3/3
  1141 | D:3      | Found an opulent altar of Gozag.
  1168 | D:3      | Found a sacrificial altar of Ru.
  1304 | D:3      | Reached skill level 5 in Long Blades
  1323 | D:3      | Found a faded altar of an unknown god.
  1328 | D:3      | Found an ornate altar of the Wu Jian Council.
  1483 | D:4      | Noticed an ogre
  1493 | D:4      | Killed an ogre
  1494 | D:4      | Reached XP level 5. HP: 47/47 MP: 4/4
  1571 | D:4      | Found a shadowy altar of Dithmenos.
  1591 | D:4      | Reached *** piety under Trog
  1599 | D:4      | Reached skill level 6 in Long Blades
  1599 | D:4      | Reached XP level 6. HP: 52/55 MP: 5/5
  1616 | D:4      | Found a staircase to the Ecumenical Temple.
  1648 | D:4      | Reached skill level 5 in Fighting
  2163 | D:5      | Entered Level 5 of the Dungeon
  2178 | D:5      | Reached XP level 7. HP: 50/61 MP: 6/6
  2430 | D:5      | Reached skill level 7 in Long Blades
  2499 | D:5      | Found the +18 Lear's hauberk
  2583 | D:5      | Found a snail-covered altar of Cheibriados.
  2591 | D:5      | Reached skill level 5 in Armour
  2721 | D:5      | Found a white marble altar of Elyvilon.
  2722 | D:5      | Found a glowing silver altar of Zin.
  2723 | D:5      | Found a glowing golden altar of the Shining One.
  2770 | D:5      | Found Feucusk's Assorted Antiques.
  2780 | D:5      | Bought a silvery potion for 20 gold pieces
  2780 | D:5      | Bought a glowing cyan potion for 20 gold pieces
  2780 | D:5      | Bought a scroll labelled ROD LOWNOUCSO for 23 gold pieces
  3082 | D:6      | Found a broken altar of Ashenzari.
  3082 | D:6      | Found a hazy altar of Hepliaklqana.
  3222 | D:6      | Reached skill level 5 in Dodging
  3268 | D:6      | Reached XP level 8. HP: 66/70 MP: 7/7
  3508 | D:6      | Reached skill level 8 in Long Blades
  3882 | D:6      | Found an iron altar of Okawaru.
  4441 | D:7      | Reached skill level 9 in Long Blades
  4532 | D:7      | Reached XP level 9. HP: 49/79 MP: 8/8
  4545 | D:7      | Found a shimmering altar of Xom.
  4550 | D:7      | Paralysed by a hornet for 3 turns
  4574 | D:7      | HP: 1/118 [water moccasin (6)]
  4575 | D:7      | Succumbed to a hornet's poison

Illustrated notes

Levels and vault maps discovered:
D:1:      shiori_arrival_maze, layout_loops_ring,
          hellmonk_ecumenical_altar_lost_god
D:2:      layout_rooms, basic_altar
D:3:      layout_basic, nicolae_ru_awakened_eye,
          nicolae_overflow_ecumenical_swirl, overflow_temple_1_default
D:4:      layout_loops_cross, grunt_dithmenos_smoke_and_mirrors,
          minmay_temple_entry_trees, chequers_garden
D:5:      layout_loops_ring, good_gods_temple_1, kennysheep_slug_shrine,
          serial_shops, nicolae_shop_crystal
D:6:      layout_gridville, general_overflow_altar,
          chequers_temple_overflow_statue_of_worship, minmay_fountain_box
D:7:      layout_cave_pools, xom_confusion_cloud, nemelex_dance_club_becter,
          kennysheep_another_room, uniq_maggie, uniq_menkaure

Skill      XL: |  1  2  3  4  5  6  7  8 |
---------------+-------------------------+-----
Long Blades    | 4 5 6 7 9 |  9.9
Fighting       | 4 5 6 7 |  7.5
Armour         | 3 4 5 6 |  6.9
Dodging        | 3 4 5 6 |  6.3

Action                     |  1- 3 |  4- 6 |  7- 9 || total
---------------------------+-------+-------+-------++-------
  Melee: Falchion          |   106 |   125 |   205 ||   436
         Headbutt          |    15 |    27 |    25 ||    67
 Invoke: Berserk           |       |     3 |     4 ||     7
         Trog's Hand       |       |       |     1 ||     1
    Use: Scroll            |       |       |     7 ||     7
         Potion            |       |       |     3 ||     3
 Armour: Chain mail        |    76 |    90 |   188 ||   354
         Animal skin       |     3 |       |       ||     3
  Dodge: Dodged            |    53 |    59 |   109 ||   221
